[Event "Late-Titled-Tuesday-Blitz-October-10-2023"]
[Site "Chess.com"]
[Date "2023.10.10"]
[Round "8"]
[White "HajiyevKanan"]
[Black "szachmistrz2500"]
[Result "1-0"]
[WhiteElo "2557"]
[BlackElo "2403"]
[TimeControl "180+1"]
[EndTime "15:23:50 PDT"]
[Termination "HajiyevKanan won by resignation"]

1. d4 Nf6 2. Nf3 g6 3. c4 Bg7 4.
g3 O-O 5. Bg2 d6 6. O-O Nbd7 7.
b3 e5 8. Bb2 exd4 9. Nxd4 Nc5 10. Nc3 a5 11. Qd2 Re8 12. Rad1 Bd7 13. h3 Nfe4 14. Nxe4 Nxe4 15. Qc2 Qe7 16. Kh2 h5 17. Nb5 Bxb5 18. Bxg7 Kxg7 19. cxb5 Nc5 20. e3 h4 21. g4 Qe5+ 22. Kg1 Re7 23. Rd5 Qe6 24. Rc1 Rae8 25. a3 c6 26. bxc6 bxc6 27. Qc3+ Kh7 28. Rdd1 Nxb3 29.
Rb1 Nc5 30. Bxc6 Ne4 31. Qxa5 Nxf2 32. Kxf2 Qxe3+ 33. Kf1 Re4 34. Bxe4 Rxe4 35. Qd2 Qf3+ 36. Qf2 Qh1+ 37. Qg1 Rf4+ 38. Ke2 Qf3+ 39. Kd2 Re4 40. Re1 Qf4+ 41. Re3 Rd4+ 42. Ke2 Rc4 43. Rb2 Qf6 44. Rd2 d5 45. Qf2 Qa1 46. Qxf7+ Kh6 47. Qf8+ Kg5 48. Qe7+ Kh6 49. Qxh4+ Kg7 50. Qe7+ Kh6 51.
g5+ Kh5 52. Qh7+ Kxg5 53. Rg3+ Kf4 54. Rf3+ Ke4 55. Qxg6+ Ke5 56. Qg7+ Ke6 57. Qxa1 1-0

[Event "Late-Titled-Tuesday-Blitz-October-10-2023"]
[Site "Chess.com"]
[Date "2023.10.10"]
[Round "8"]
[White "Blackwhite017"]
[Black "NotFischer"]
[Result "1-0"]
[WhiteElo "2050"]
[BlackElo "2263"]
[TimeControl "180+1"]
[EndTime "15:23:51 PDT"]
[Termination "Blackwhite017 won by resignation"]

1. e4 d5 2. exd5 Qxd5 3. Nf3 Bg4 4. Be2 Nc6 5. h3 Bxf3 6. Bxf3 Qe6+ 7. Kf1 Nf6 8. c3 h5 9. d4 O-O-O 10. Qa4 Kb8 11. Bxc6 Qxc6 12. Qxc6 bxc6 13. Be3 e6 14. Nd2 Nd5 15. Nc4 Nxe3+ 16. fxe3 c5 17. Ke2 cxd4 18. cxd4 c5 19. Ne5 Rc8 20. Nxf7 Rg8 21. Rac1 Be7 22. Ne5 Kb7 23. Rhf1 Bf6 24. Nf3 cxd4 25. exd4 Rgd8 26.
Rxc8 Kxc8 27. Rc1+ Kb7 28. Rc4 Rd5 29. b3 a5 30. Rc5 Rxc5 31. dxc5 Kc6 32. Ke3 Kxc5 33. Ke4 Kb4 34. Nd2 Bc3 35. Nb1 Be1 36. Ke5 Kc5 37. Kxe6 Kd4 38. Na3 Kc3 39. Nc4 a4 40. Kf7 g5 41. Kg6 g4 42. Kxh5 gxh3 43. gxh3 axb3 44. axb3 Kxb3 45. Ne3 Ka2 46. Ng2 Bg3 47. Kg4 Bf2 48. Kf3 Bd4 49. h4 Bf6 50. h5 Bg5 51. Kg4 Bh6 52.
Kf5 Bd2 53. Kg6 Bc3 54. h6 Kb2 55. Nf4 Bh8 56. Ne6 Kc2 57. Ng7 Kd3 58. Kh7 1-0

[Event "Late-Titled-Tuesday-Blitz-October-10-2023"]
[Site "Chess.com"]
[Date "2023.10.10"]
[Round "8"]
[White "FMJoseHerrera"]
[Black "mac0504"]
[Result "0-1"]
[WhiteElo "2732"]
[BlackElo "2588"]
[TimeControl "180+1"]
[EndTime "15:23:52 PDT"]
[Termination "mac0504 won on time"]

1. Nf3 Nf6 2. g3 Nc6 3. Bg2 e5 4. O-O Bc5 5. c3 Bb6 6. d4 O-O 7. dxe5 Ng4 8. Bf4 Re8 9. Qd5 Qe7 10. a4 a5 11. Na3 Ncxe5 12. Rad1 d6 13. h3 Nxf3+ 14. exf3 Nf6 15. Qd3 Be6 16. Nb5 Bb3 17. Ra1 Qe2 18. Qb1 Nd5 19. Bc1 Bc4 20. Qf5 Bxf2+ 21.
Rxf2 Qe1+ 22. Bf1 Bxf1 23. Bd2 Qxa1 24. Rxf1 Qa2 25. Qd3 Nb6 26. Nxc7 Nxa4 27. Nxa8 Rxa8 28. Qxd6 Qxb2 29. Re1 Qb6+ 30. Qxb6 Nxb6 31. Rb1 Nc4 32. Bc1 a4 33. Rxb7 a3 34. Bxa3 Nxa3 35. Kf2 g6 36.
Ke3 Nc4+ 37. Kd4 Nd6 38. Rb6 Nf5+ 39. Ke5 Nxg3 40. c4 Rc8 41. Kd5 Nf5 42. c5 Ne3+ 43. Kd4 Nf5+ 44. Kd5 Rd8+ 45. Ke5 Kf8 46. c6 Ke7 47.
Rb7+ Ke8 48. f4 Rc8 49. Rb6 Ne7 50. Kd6 Rxc6+ 51. Rxc6 Nxc6 52. Kxc6 Ke7 53. Kd5 Kf6 54. Ke4 Ke6 55. h4 h5 0-1

[Event "Late-Titled-Tuesday-Blitz-October-10-2023"]
[Site "Chess.com"]
[Date "2023.10.10"]
[Round "8"]
[White "ameetghasi100"]
[Black "GlavkonVVS"]
[Result "0-1"]
[WhiteElo "2722"]
[BlackElo "2548"]
[TimeControl "180+1"]
[EndTime "15:23:54 PDT"]
[Termination "GlavkonVVS won on time"]

1. g3 Nf6 2. Bg2 d5 3. d3 c5 4. Nf3 Nc6 5. O-O Bg4 6. Nc3 e6 7. h3 Bh5 8. g4 Bg6 9. Nh4 Qc7 10.
f4 O-O-O 11. e3 a6 12. Ne2 c4 13. b3 cxd3 14. cxd3 Kb8 15. a3 Bc5 16. b4 Bb6 17.
Rb1 Ka8 18. b5 axb5 19. Rxb5 Na7 20. Rb1 Rc8 21. Nxg6 hxg6 22. Qb3 Nd7 23. Rb2 Nc5 24. Qd1 Ba5 25. Nd4 Rhd8 26. Rc2 Qd7 27. Bb2 Na4 28. Ba1 Rxc2 29. Qxc2 Rc8 30. Qb3 Bd2 31. Kf2 f6 32. Rb1 Nc5 33. Qd1 Ba5 34. Ke2 e5 35. fxe5 fxe5 36.
Nb3 Nxb3 37. Qxb3 e4 38. Bd4 Nc6 39. Ba1 Re8 40. dxe4 dxe4 41. Rd1 Qc7 42. Rd5 Qg3 43. Bxe4 Rxe4 44. Qd3 Qg2+ 45. Kd1 Re8 46. Bxg7 Qxh3 47. Qc4 Qf3+ 48. Kc2 Qxe3 49. Bc3 Bxc3 50. Qxc3 Qe4+ 51. Qd3 Qg2+ 52. Kb3 Qf2 53. g5 Re3 54. Rd8+ Ka7 55. Ra8+ Kxa8 0-1

[Event "Late-Titled-Tuesday-Blitz-October-10-2023"]
[Site "Chess.com"]
[Date "2023.10.10"]
[Round "8"]
[White "Sofiia_Hryzlova"]
[Black "TheMagician"]
[Result "1-0"]
[WhiteElo "2341"]
[BlackElo "2203"]
[TimeControl "180+1"]
[EndTime "15:23:55 PDT"]
[Termination "Sofiia_Hryzlova won on time"]

1. Nf3 d5 2. a4 a5 3. h4 h6 4.
h5 Bf5 5. d3 e6 6. Nc3 Bb4 7.
Rh4 Be7 8. Rh1 Nf6 9. Bf4 Bd6 10.
Qd2 c6 11. Ne5 Qc7 12. d4 Nbd7 13. Nxd7 Nxd7 14. Bxd6 Qxd6 15. e3 e5 16. Ra3 O-O 17. Be2 Rae8 18. Kd1 Re7 19. Kc1 Rfe8 20. Rd1 Qf6 21. Rb3 b6 22. Rg1 Bh7 23. Bg4 exd4 24. Qxd4 Qxd4 25. exd4 Nf6 26. Bf3 Rb8 27. Kd2 Kf8 28. Nd1 Ke8 29. Re3 Kd7 30. Rxe7+ Kxe7 31. Ne3 Kd6 32. g4 Be4 33. Be2 Bh7 34. f3 Ng8 35.
Bd3 Bxd3 36. Kxd3 Ne7 37. Ra1 f6 38. Rh1 c5 39. c3 c4+ 40. Kc2 b5 41. axb5 Rxb5 42.
Rg1 a4 43. Ra1 Ra5 44. Kd2 Ke6 45. Re1 Kd6 46. Ra1 Ke6 47. Ng2 f5 48. Nf4+ Kf6 49. Ke3 Ra8 50. Kf2 Kg5 51. Kg3 fxg4 52. fxg4 Kf6 53.
Rf1 g5 54. Nxd5+ Ke6 55. Nc7+ Kd6 56. Nxa8 Nd5 57. Rf5 a3 58. bxa3 Ne3 59. Rxg5 Nd1 60. Nb6 hxg5 61. h6 1-0

[Event "Late-Titled-Tuesday-Blitz-October-10-2023"]
[Site "Chess.com"]
[Date "2023.10.10"]
[Round "8"]
[White "hellokostya"]
[Black "Witaliss"]
[Result "0-1"]
[WhiteElo "2627"]
[BlackElo "2551"]
[TimeControl "180+1"]
[EndTime "15:23:56 PDT"]
[Termination "Witaliss won by resignation"]

1. Nf3 d5 2. e3 c6 3. c4 Nf6 4. Nc3 a6 5. b3 Bg4 6. Bb2 e6 7.
h3 Bh5 8. Be2 Nbd7 9. d4 Bd6 10.
g4 Bg6 11. Nh4 Be4 12. Nxe4 Nxe4 13. Nf3 Qa5+ 14. Kf1 O-O 15. a3 f5 16. Kg2 Qd8 17.
Qe1 Qf6 18. Kg1 fxg4 19. hxg4 Qg6 20. Nh4 Qf6 21. Nf3 Qg6 22. Nh4 Qf7 23. Nf3 Ndf6 24. Ne5 Bxe5 25. dxe5 Nxg4 26. Bxg4 Qg6 27. Rh2 Qxg4+ 28.
Rg2 Qf3 29. Qd1 Qxd1+ 30. Rxd1 Rf3 31. cxd5 exd5 32. Rc1 Raf8 33. Rc2 R8f5 34. e6 Rg5 35. Rxg5 Nxg5 36. Kg2 Rf5 37. e7 Kf7 38. f4 Ne6 39. Kf3 Kxe7 40. Kg4 g6 41. Rh2 h5+ 42. Kg3 Nc5 43. a4 Nxb3 44. Ba3+ Ke6 45. Rb2 Na5 46.
Bc5 b5 47. axb5 axb5 48. Ra2 Nb3 49. Bb4 d4 50. exd4 Nxd4 51. Ra6 Kd5 52. Be7 Ne2+ 53. Kf2 Nxf4 54. Ke1 Ne6 55. Ra8 Nc7 56. Kd1 Nxa8 0-1

[Event "Late-Titled-Tuesday-Blitz-October-10-2023"]
[Site "Chess.com"]
[Date "2023.10.10"]
[Round "8"]
[White "Elbebiber"]
[Black "Arimin1329"]
[Result "0-1"]
[WhiteElo "2153"]
[BlackElo "2300"]
[TimeControl "180+1"]
[EndTime "15:23:56 PDT"]
[Termination "Arimin1329 won by resignation"]

1. f4 b6 2. Nf3 Bb7 3. g3 g6 4. Bg2 Bg7 5. O-O e6 6. d3 d5 7. c3 Ne7 8. Nbd2 c5 9. e4 Nbc6 10. Qe2 Qc8 11. Re1 O-O 12. Rb1 Ba6 13. Qf2 Bxd3 14.
Ra1 dxe4 15. Nxe4 Rd8 16. Neg5 Qc7 17. Be3 Nf5 18. Bc1 Rd7 19. g4 Nfe7 20. Nd2 Rad8 21.
Nde4 Nd5 22. Qg3 h6 23. Nxe6 fxe6 24. Qxd3 Nxf4 25. Qg3 Nxg2 26. Qxg2 Ne5 27. Be3 Rd3 28. Nf2 R3d5 29. Bf4 Qf7 30. Re4 g5 31. Bxe5 Rxe5 32. Rae1 Rxe4 33. Nxe4 Be5 34. Rf1 Bf4 35. Qe2 Qg6 36. h3 Rd5 37. Kg2 Re5 38. Re1 Kg7 39. Qd3 Rd5 40. Qe2 Qe8 41. c4 Rd4 42. Nf2 Qc6+ 43.
Kf1 e5 44. Ne4 Qd7 45. b3 Rd3 46. Nf2 Rg3 47. Qe4 Qd4 48. Qxd4 cxd4 49. Re4 Kf6 50. Ke2 Rg2 51. Kf3 Rg1 52. Nd3 Ra1 53. Nxf4 gxf4 54. h4 Rxa2 55. g5+ hxg5 56. hxg5+ Kf5 57. Re1 Rb2 58.
Rg1 Rxb3+ 59. Ke2 Rg3 60. Rf1 Rxg5 61. Kd3 Rg3+ 62. Kc2 e4 63. Rh1 Rg2+ 64. Kb3 e3 65.
Rh5+ Ke4 66. Rh8 d3 67. Rd8 d2 68. Re8+ Kf3 69. Rf8 Rg1 70. Re8 d1=Q+ 0-1

[Event "Late-Titled-Tuesday-Blitz-October-10-2023"]
[Site "Chess.com"]
[Date "2023.10.10"]
[Round "8"]
[White "MalyDominator"]
[Black "karinachess1"]
[Result "1-0"]
[WhiteElo "2480"]
[BlackElo "2578"]
[TimeControl "180+1"]
[EndTime "15:24:01 PDT"]
[Termination "MalyDominator won on time"]

1. e4 e5 2. Nf3 Nc6 3. Bb5 Nf6 4. Nc3 Nd4 5. O-O Nxb5 6. Nxb5 Be7 7. Nxe5 Nxe4 8. Re1 Nf6 9. d4 O-O 10. c4 d6 11. Nf3 c6 12. Nc3 Bg4 13. h3 Bh5 14. Bg5 h6 15. Bh4 Re8 16. Qd3 Bg6 17.
Qd2 Ne4 18. Nxe4 Bxh4 19. Nxd6 Bxf2+ 20. Qxf2 Qxd6 21. Ne5 Re6 22. Rad1 Rf8 23. Ng4 Rxe1+ 24. Qxe1 Bf5 25. Qe5 Qd7 26. Ne3 Bg6 27. Ng4 Re8 28. Qf4 Kh7 29. d5 cxd5 30. cxd5 Qf5 31. Qxf5 Bxf5 32.
d6 Rd8 33. Ne5 f6 34. Nc4 Kg8 35. Kf2 b5 36. Na5 Rd7 37. Nb3 Kf7 38. Nc5 Rd8 39. b4 g5 40. g4 Be6 41. Ke3 Bxa2 42. Ra1 Bd5 43. Rxa7+ Kg6 44. d7 Kf7 45. Kd4 Bc6 46. Rc7 Bg2 47. Nb7 Bxb7 48. Rxb7 Ke7 49. Kc5 h5 50.
Kxb5 hxg4 51. hxg4 f5 52. gxf5 g4 53. Kc6 g3 54. f6+ Kxf6 55. Kc7 g2 56. Kxd8 g1=Q 57.
Kc8 Qc1+ 58. Rc7 1-0

[Event "Late-Titled-Tuesday-Blitz-October-10-2023"]
[Site "Chess.com"]
[Date "2023.10.10"]
[Round "8"]
[White "cande_francisco"]
[Black "orestn"]
[Result "1-0"]
[WhiteElo "2526"]
[BlackElo "2392"]
[TimeControl "180+1"]
[EndTime "15:24:01 PDT"]
[Termination "cande_francisco won on time"]

1. e4 e5 2. Nf3 d6 3. d4 exd4 4. Nxd4 Nf6 5. Nc3 Be7 6. Bc4 O-O 7. a4 a5 8. O-O c6 9. Re1 Na6 10. f3 Nc5 11. Be3 Re8 12. Qd2 Bf8 13. Rad1 Qc7 14.
Bf4 Qb6 15. Kh1 Qb4 16. b3 Nfd7 17. Nf5 Ne5 18. Bf1 Bxf5 19. exf5 Ncd7 20. Re4 Qb6 21. Rde1 Rad8 22. Bg3 Nf6 23. R4e2 Qc5 24. Bf2 Qb4 25. h3 h6 26. f4 Ned7 27. g4 Rxe2 28. Rxe2 d5 29. g5 Nh5 30. g6 Nxf4 31. gxf7+ Kxf7 32. Re1 Nh5 33. Be2 Nhf6 34. Bd4 Kg8 35. Bf3 Bc5 36. Bxc5 Qxc5 37. Ne2 Re8 38. Nf4 Rxe1+ 39. Qxe1 Qd4 40. Qe6+ Kh7 41. Ng6 Qd2 42. c4 Qc1+ 43. Kh2 dxc4 44. bxc4 Qb2+ 45. Bg2 Qb1 46. Qf7 Qxf5 47. Ne7 Qe5+ 48.
Kh1 Qe1+ 49. Kh2 Qe5+ 50. Kg1 Qe1+ 51. Bf1 Qe3+ 52. Kg2 Ne5 53. Qxg7+ Kxg7 54. Nf5+ Kg6 55. Nxe3 Ne4 56. c5 Nxc5 57. Be2 Nxa4 58. h4 h5 59. Nc2 1-0

[Event "Late-Titled-Tuesday-Blitz-October-10-2023"]
[Site "Chess.com"]
[Date "2023.10.10"]
[Round "8"]
[White "sergeikim"]
[Black "Cambek64"]
[Result "1/2-1/2"]
[WhiteElo "2574"]
[BlackElo "2412"]
[TimeControl "180+1"]
[EndTime "15:24:05 PDT"]
[Termination "Game drawn by repetition"]

1. d4 c5 2. d5 e5 3. Nc3 d6 4. e4 Nf6 5. Be2 Be7 6. Nf3 O-O 7. Nd2 Ne8 8. Nc4 Bg5 9. Bg4 Bxc1 10. Rxc1 Bxg4 11. Qxg4 Nd7 12. O-O a6 13. a4 b6 14. f4 exf4 15. Rxf4 Qe7 16. Qg3 Rb8 17. Rcf1 Ne5 18. Ne3 g6 19. h4 Kh8 20. Ncd1 Ng7 21. Qg5 Rb7 22. Qxe7 Rxe7 23. Rf6 Ne8 24. R6f4 h5 25. Nf2 Kg7 26. Nd3 Nc7 27. Nxe5 Rxe5 28. Nc4 Re7 29. Nxd6 b5 30. a5 c4 31. R1f3 f6 32. b3 cxb3 33. cxb3 f5 34. exf5 Nxd5 35.
Rd4 Nf6 36. fxg6 Kxg6 37. Rd1 Rd8 38. Rfd3 Red7 39. R3d2 Ng8 40. Ne4 Rxd2 41. Rxd2 Rxd2 42. Nxd2 Kf5 43. Nf3 Ne7 44. Nd4+ Ke4 45. Ne6 Kd3 46. Nc7 Nc6 47. Nxa6 Nxa5 48. b4 Nc6 49. Nc7 Kc4 50.
Ne6 Nxb4 51. Nf4 Nd3 52. Nxh5 b4 53. Nf6 b3 54. Ne4 Kd4 55. Nd2 b2 56. h5 Ne5 57.
h6 Kd3 58. Nb1 Kc2 59. Na3+ Kb3 60. Nb1 Kc2 61. Na3+ Kb3 62. Nb1 Kc2 1/2-1/2

[Event "Late-Titled-Tuesday-Blitz-October-10-2023"]
[Site "Chess.com"]
[Date "2023.10.10"]
[Round "8"]
[White "Vamostodorecto"]
[Black "Horokoskii"]
[Result "1-0"]
[WhiteElo "2433"]
[BlackElo "2120"]
[TimeControl "180+1"]
[EndTime "15:24:05 PDT"]
[Termination "Vamostodorecto won on time"]

1. d4 Nf6 2. c4 c5 3. d5 e6 4. Nc3 exd5 5. cxd5 d6 6. Nf3 g6 7. Nd2 Bg7 8. e4 O-O 9. Nc4 a6 10. a4 Qe7 11. Bd3 Nbd7 12. O-O Ne5 13. Nxe5 Qxe5 14. f4 Qd4+ 15. Kh1 Bg4 16. Qc2 Rfe8 17. h3 Bd7 18. Ne2 Qb4 19. Bd2 Qb6 20. a5 Qc7 21. Bc3 b5 22.
axb6 Qxb6 23. Bc4 Nxe4 24. Bxg7 Kxg7 25. f5 Bxf5 26. Rxf5 gxf5 27. Rf1 Rab8 28. b3 Re5 29. Kh2 Qd8 30. Nf4 Qg5 31. Rf3 Kh8 32. Bxa6 Rg8 33. Bc4 Ng3 34. Qf2 Ne4 35. Qb2 Ng3 36. Nd3 f4 37. Rxf4 f6 38. Rg4 Nf1+ 39. Kg1 Qe3+ 40.
Kh1 Ng3+ 41. Kh2 Rxg4 42. Nxe5 Nf1+ 43. Kh1 Qxe5 44. Qxe5 fxe5 45. hxg4 Ne3 46. Bd3 Nxd5 47. g3 Kg7 48. Kg2 Kf6 49. Kf3 Nb4 50. Bxh7 Nc6 51. Ke4 Nd4 52. Kd5 Ke7 53. g5 Nxb3 54. g6 Nd4 55. g7 Ne6 56. g8=Q Nc7+ 57. Ke4 d5+ 58. Kxe5 1-0

[Event "Late-Titled-Tuesday-Blitz-October-10-2023"]
[Site "Chess.com"]
[Date "2023.10.10"]
[Round "8"]
[White "RIPOL"]
[Black "aNaartjieZA"]
[Result "0-1"]
[WhiteElo "2435"]
[BlackElo "2560"]
[TimeControl "180+1"]
[EndTime "15:24:10 PDT"]
[Termination "aNaartjieZA won by resignation"]

1. d4 Nf6 2. Bg5 Ne4 3. Bf4 c5 4. f3 Qa5+ 5. c3 Nf6 6. Nd2 cxd4 7. Nb3 Qd8 8. cxd4 d5 9. e3 Nc6 10. Ne2 e6 11. Nc3 Bd6 12. Bxd6 Qxd6 13. Rc1 O-O 14. Be2 a6 15. O-O Rd8 16. Qe1 Ne7 17. e4 dxe4 18. fxe4 e5 19. d5 Ng6 20. Rf2 Nf4 21. Bf1 Ng4 22. Rd2 Qh6 23. Qg3 Nh5 24. Qe1 Nf4 25. Qg3 Rd6 26. h3 Rg6 27. hxg4 Rxg4 28.
Qh2 Nh3+ 29. Kh1 Nf2+ 30. Rxf2 Rh4 31. Qxh4 Qxh4+ 32. Kg1 Bd7 33. Nc5 Bg4 34. Nxb7 Qg5 35. Re1 Rb8 36. Nc5 a5 37. Nd3 h5 38. d6 h4 39. Nd5 h3 40. Ne7+ Kf8 41. Kh2 hxg2 42.
Rxg2 Qh4+ 43. Kg1 Rd8 44. Nf5 Bxf5 45. exf5 Rxd6 46. Rxe5 Rxd3 47. Bxd3 Qd4+ 48. Kh2 Qxe5+ 49. Kh3 Qe3+ 50. Rg3 Qh6+ 51. Kg2 Qd2+ 52. Kh3 Qxb2 53. f6 Qxf6 54. Bc4 Qh6+ 55. Kg2 Qd2+ 56. Kh3 Qd4 57.
Bb3 a4 58. Bc2 Qd7+ 59. Kh4 Qe7+ 60. Kh3 Qe6+ 61. Kh4 Qxa2 62. Rg2 Qc4+ 0-1

[Event "Late-Titled-Tuesday-Blitz-October-10-2023"]
[Site "Chess.com"]
[Date "2023.10.10"]
[Round "8"]
[White "andrzej"]
[Black "egnfanclub"]
[Result "0-1"]
[WhiteElo "2452"]
[BlackElo "2362"]
[TimeControl "180+1"]
[EndTime "15:24:14 PDT"]
[Termination "egnfanclub won by resignation"]

1. e4 e5 2. Nf3 Nc6 3. Bb5 a6 4. Ba4 d6 5. d4 b5 6. Bb3 Nxd4 7.
Nxd4 exd4 8. c3 Bb7 9. O-O Nf6 10.
cxd4 Be7 11. f3 O-O 12. Bf4 c5 13. d5 c4 14. Bc2 Qb6+ 15. Kh1 Nd7 16. Nc3 Bf6 17.
Qd2 Nc5 18. Be3 Qc7 19. a3 Rfe8 20. Rab1 Rac8 21. Qf2 Qe7 22. Ne2 a5 23. Ng3 g6 24.
f4 b4 25. axb4 axb4 26. e5 dxe5 27. f5 g5 28. Bxc5 Rxc5 29. Ne4 Rxd5 30. Ba4 Red8 31. Qb6 Kg7 32. Nxf6 Qxf6 33. Qxb7 b3 34. Qc6 R8d6 35.
Qxc4 Rd4 36. Qxb3 e4 37. Ra1 Rd3 38. Qb4 e3 39. Qg4 Rd2 40. h4 h6 41. Rae1 R6d4 42. Qh5 Rxh4+ 43. Qxh4 gxh4 44. Rxe3 Rxb2 45. Bd1 Qd4 46.
Ref3 Kf6 47. Rf4 Qd2 48. Rg4 h3 49. Rg1 Rb1 50. Bf3 Rxg1+ 51. Kxg1 hxg2 52. Rxg2 Qe3+ 53. Rf2 Qg5+ 54. Bg2 h5 55. Rf3 h4 56. Kh2 Qg4 57.
Rf1 Kg5 58. Bh3 Qg3+ 59. Kh1 Qxh3+ 60. Kg1 Qg3+ 61. Kh1 h3 62. Rg1 Qxg1+ 63. Kxg1 Kxf5 64. Kh2 Kg4 65. Kg1 f5 66. Kh1 f4 67. Kg1 Kg3 68.
Kh1 f3 69. Kg1 f2+ 70. Kf1 h2 0-1

[Event "Late-Titled-Tuesday-Blitz-October-10-2023"]
[Site "Chess.com"]
[Date "2023.10.10"]
[Round "8"]
[White "mishanick"]
[Black "Hrant_ChessMood"]
[Result "0-1"]
[WhiteElo "3085"]
[BlackElo "2954"]
[TimeControl "180+1"]
[EndTime "15:24:16 PDT"]
[Termination "Hrant_ChessMood won by checkmate"]

1. d4 d5 2. c4 e6 3. Nc3 Nf6 4.
cxd5 exd5 5. Bf4 Bd6 6. Bxd6 Qxd6 7. e3 Nc6 8. h3 Ne7 9. Nge2 c6 10. Ng3 Nf5 11.
Nxf5 Bxf5 12. Be2 O-O 13. a3 Rfe8 14. b4 Ne4 15. Nxe4 Bxe4 16. O-O a6 17. Bd3 g6 18. Rb1 b5 19. Rc1 a5 20. Rc5 axb4 21. axb4 Ra4 22. Bxe4 Rxe4 23. Qc2 Re6 24. Rc1 Ra6 25. Qe2 Kg7 26. Qf3 h5 27. g3 Rf6 28.
Qe2 Qe6 29. Kh2 Qf5 30. Kg2 Qe4+ 31. f3 Qe7 32. R1c3 Re6 33. Qd2 h4 34. g4 Qd6 35. Qf2 Qe7 36. f4 Rf6 37. Qc2 Re6 38.
Kf3 Ra1 39. Qf2 Rb1 40. g5 Rd6 41. Qc2 Rg1 42. Kf2 Rg3 43. e4 dxe4 44. Rxg3 hxg3+ 45. Kxg3 e3 46. Kf3 Qe6 47. Qc3 Qxh3+ 48. Ke2 Qg2+ 49.
Kd3 e2 50. d5+ Kh7 51. Ke3 Rd8 52. dxc6 Rd1 53. c7 e1=Q+ 54. Qxe1 Rxe1+ 55. Kd4 Qf2+ 56.
Kd5 Qf3+ 57. Kd6 Rd1+ 58. Ke7 Qe4+ 59. Re5 Qb7 60. Rc5 Qc8 61. Kf6 Rd6+ 62. Ke5 Qe6# 0-1

[Event "Late-Titled-Tuesday-Blitz-October-10-2023"]
[Site "Chess.com"]
[Date "2023.10.10"]
[Round "8"]
[White "Alex_Sahakyan2006"]
[Black "jcibarra"]
[Result "1-0"]
[WhiteElo "2760"]
[BlackElo "2880"]
[TimeControl "180+1"]
[EndTime "15:24:17 PDT"]
[Termination "Alex_Sahakyan2006 won on time"]

1. e4 c5 2. Nc3 a6 3. g3 b5 4. Bg2 Bb7 5. d3 e6 6. Nh3 b4 7.
Ne2 d5 8. O-O dxe4 9. dxe4 Qxd1 10. Rxd1 Nf6 11. e5 Bxg2 12. Kxg2 Nfd7 13. f4 Nc6 14. Nf2 Nb6 15. Ne4 Nd5 16. c4 bxc3 17. N2xc3 Rd8 18. b3 Be7 19. Na4 Nd4 20. Kf2 Rc8 21.
Bb2 f5 22. exf6 gxf6 23. Rac1 Nf5 24. Naxc5 Rc6 25. Nxe6 Nde3 26. Rxc6 Nxd1+ 27. Ke2 Kd7 28. Rc7+ Kxe6 29. Kxd1 h5 30. Ke2 a5 31. Ra7 Re8 32. Rxa5 Bb4 33. Rb5 Be7 34. Kf3 Rd8 35. Rb6+ Kf7 36.
Nxf6 Rd2 37. Be5 Rxa2 38. Nxh5 Rxh2 39. g4 Nh4+ 40. Ke4 Re2+ 41. Kd3 Rg2 42. g5 Nf3 43.
Bf6 Bc5 44. Rc6 Bg1 45. Bc3 Rg4 46. Ke2 Nh2 47. Rc7+ Ke6 48. Rc6+ Kd5 49. Rf6 Ke4 50. Re6+ Kd5 51. Re5+ Kd6 52. b4 Rg2+ 53. Kd3 Nf3 54. Rf5 Rh2 55. Nf6 Rh3 56. Ne4+ Ke6 57. Rf6+ Ke7 58. Kc4 Rh4 59. Be5 Rh2 60. Kd5 Re2 61.
Bd6+ Ke8 62. Rf8+ Kd7 63. Nc5+ Bxc5 64. Bxc5 Rd2+ 65. Ke4 Nh4 66. f5 1-0

[Event "Late-Titled-Tuesday-Blitz-October-10-2023"]
[Site "Chess.com"]
[Date "2023.10.10"]
[Round "8"]
[White "Freefresh"]
[Black "kreonx"]
[Result "1-0"]
[WhiteElo "2729"]
[BlackElo "2490"]
[TimeControl "180+1"]
[EndTime "15:24:17 PDT"]
[Termination "Freefresh won on time"]

1. f4 d5 2. Nf3 c5 3. e3 Nc6 4. b3 f6 5. Bb5 Bd7 6. Bb2 a6 7. Bxc6 Bxc6 8. d3 e6 9. Nbd2 Bd6 10. Qe2 Ne7 11. g4 Qc7 12. g5 e5 13. gxf6 gxf6 14. fxe5 fxe5 15. e4 d4 16. Nc4 b5 17. Nxd6+ Qxd6 18. Bc1 O-O-O 19. Bg5 Rdf8 20. Bxe7 Qxe7 21. O-O-O c4 22. dxc4 Rf4 23. Nd2 Kb7 24. Kb2 bxc4 25.
Nxc4 Bxe4 26. Rhe1 Re8 27. Qd2 Qc5 28. Rxe4 Rxe4 29.
Qg2 Qd5 30. Qxe4 Qxe4 31. Nd6+ Kc6 32. Nxe4 Rf8 33. Re1 Kd5 34. Re2 Rf4 35. c4+ dxc3+ 36. Nxc3+ Kd4 37. Rd2+ Ke3 38. Rc2 Rh4 39. a3 Kd3 40. b4 e4 41. Nd5 e3 42. Rc3+ Kd4 43. Nxe3 Rxh2+ 44. Nc2+ Kd5 45. a4 h5 46. Kb3 h4 47.
Ne3+ Ke4 48. Ng4 Rg2 49. Nf6+ Kf5 50. Nd5 Ke4 51. Nc7 Rg3 52. Nxa6 Rxc3+ 53. Kxc3 h3 54. Nc5+ Ke3 55. a5 h2 56. a6 h1=Q 57. Kc4 Qc1+ 58. Kb5 Kd4 59. a7 Qc4+ 60. Ka5 Qa2+ 61. Kb6 Qa3 62. Na6 Qa4 63. a8=Q Qd7 64. Qc6 Qd8+ 65. Qc7 Qf6+ 66. Ka5 Qf1 67. b5 1-0

[Event "Late-Titled-Tuesday-Blitz-October-10-2023"]
[Site "Chess.com"]
[Date "2023.10.10"]
[Round "8"]
[White "pinguino120"]
[Black "falzehope0"]
[Result "1-0"]
[WhiteElo "2239"]
[BlackElo "2337"]
[TimeControl "180+1"]
[EndTime "15:24:17 PDT"]
[Termination "pinguino120 won by resignation"]

1. e4 d5 2. exd5 Nf6 3. Bb5+ Nbd7 4. c4 g6 5. d4 Bg7 6. Nf3 O-O 7. O-O Nb6 8. Qe2 a6 9. c5 Nbxd5 10. Bc4 b5 11. Bb3 a5 12. a4 b4 13. Bc4 Bb7 14. Ne5 Bc8 15. Bg5 Be6 16. Nd2 h6 17. Be3 Ng4 18.
Ndf3 Ngf6 19. Rad1 Qe8 20. Bb5 Qc8 21. Nc6 Bg4 22. h3 Bh5 23. Bc1 g5 24. Rfe1 g4 25.
hxg4 Qxg4 26. Nxe7+ Kh8 27. Nxd5 Nxd5 28. Bc6 Rad8 29.
Bxd5 Rxd5 30. Qe4 Qd7 31. Qe7 Qxa4 32. Qxc7 Bxf3 33. gxf3 Qb3 34. Qg3 Rf5 35. c6 Rg8 36. c7 Qc4 37. Bf4 Bf6 38. Qxg8+ Kxg8 39. Re8+ Kg7 40.
c8=Q Qxc8 41. Rxc8 Rxf4 42. d5 Be7 43. d6 Bh4 44. d7 Rxf3 45. d8=Q Bxd8 46. Rdxd8 a4 47.
Ra8 a3 48. bxa3 bxa3 49. Rd2 Rb3 50. Ra2 h5 51. R2xa3 Rb4 52. Rg3+ Kf6 53. Ra5 Rh4 54. Rf3+ Kg6 55. Kg2 Rg4+ 56. Rg3 f5 57. Rxg4+ hxg4 58. Kg3 Kg5 59. f4+ Kg6 60. Ra6+ Kh5 61. Ra5 Kg6 62. Kh4 Kf6 63. Ra6+ Kg7 64. Kg5 g3 65. Kxf5 g2 66.
Rg6+ Kf7 67. Rxg2 Kf8 68. Rg6 Kf7 69. Ra6 Kf8 70. Kf6 Ke8 71. Ra7 Kd8 72. Ke6 Kc8 73. Rh7 Kd8 74. Rg7 Kc8 75. Kd6 Kb8 76. Kc6 Ka8 77.
Kb6 1-0

[Event "Late-Titled-Tuesday-Blitz-October-10-2023"]
[Site "Chess.com"]
[Date "2023.10.10"]
[Round "8"]
[White "JoakimVonAnd"]
[Black "ural58"]
[Result "1-0"]
[WhiteElo "2680"]
[BlackElo "2522"]
[TimeControl "180+1"]
[EndTime "15:24:18 PDT"]
[Termination "JoakimVonAnd won on time"]

1. c4 e5 2. g3 c6 3. Nf3 e4 4.
Nd4 d5 5. cxd5 Qxd5 6. Nc2 Nf6 7. Nc3 Qe5 8. Bg2 Na6 9. d4 exd3 10. Qxd3 Nb4 11. Nxb4 Bxb4 12. O-O O-O 13. Bf4 Qa5 14. a3 Bxc3 15. bxc3 Rd8 16. Qc4 Be6 17. Qb4 Qa6 18. Rab1 Rd7 19. e4 Rad8 20. Bg5 h6 21. Bxf6 gxf6 22.
Qc5 Kg7 23. Qh5 Qd3 24. e5 f5 25. Rb4 Qxc3 26. Rh4 Qd2 27. f4 Rh8 28. g4 Bd5 29. Bxd5 Qd4+ 30. Rf2 Qd1+ 31. Rf1 Qd4+ 32. Rf2 Qd1+ 33.
Kg2 Qxd5+ 34. Kg3 Qb3+ 35. Rf3 Rd3 36. Rxd3 Qxd3+ 37. Kg2 Qe2+ 38. Kg1 Qe1+ 39. Kg2 Qd2+ 40. Kg3 Qe3+ 41. Kg2 Qxf4 42. gxf5 Qd2+ 43. Kg3 Kf8 44. Rg4 Qe3+ 45. Kg2 Qe2+ 46. Kg3 Qxe5+ 47. Kg2 Qe2+ 48. Kg3 Qe3+ 49. Kg2 Rg8 50. Rxg8+ Kxg8 51. h4 Kf8 52. f6 Qe4+ 53. Kh3 Qd3+ 54. Kg2 Qd2+ 55.
Kh3 Qc3+ 56. Kg2 Qxf6 57. Qc5+ 1-0

[Event "Late-Titled-Tuesday-Blitz-October-10-2023"]
[Site "Chess.com"]
[Date "2023.10.10"]
[Round "8"]
[White "bettercallcafu"]
[Black "IlanSchnaider"]
[Result "0-1"]
[WhiteElo "2656"]
[BlackElo "2789"]
[TimeControl "180+1"]
[EndTime "15:24:23 PDT"]
[Termination "IlanSchnaider won by resignation"]

1. d4 Nf6 2. c4 g6 3. Nc3 d5 4. Nf3 Bg7 5. h4 c6 6. cxd5 cxd5 7. Bf4 Nc6 8. e3 O-O 9. Qb3 Na5 10. Qa3 Bf5 11. Be2 Rc8 12. O-O Re8 13. Bb5 Rf8 14. Ne5 a6 15. Be2 b5 16. b4 Nc6 17. Rac1 Qb6 18.
g4 Nxe5 19. dxe5 Nxg4 20. Nxd5 Qe6 21. Nc7 Rxc7 22. Rxc7 Bxe5 23. Bxg4 Bxg4 24. Bxe5 Qxe5 25. Qc3 Qf5 26. Qd4 Bh3 27. Rd1 Qf3 28. Qd5 Qg4+ 29.
Kh2 Qxh4 30. Rd4 Bg4+ 31. Kg1 h5 32. Qh1 Qf6 33. Qg2 e5 34. Rc6 Qf5 35. e4 Qf4 36. Rdd6 Bf3 37. Qg3 Qxe4 38. Kh2 h4 39. Qg5 Bh5 40.
Rxa6 Qf3 41. Rf6 Qe4 42. Rad6 Kg7 43. Rd7 h3 44. Rfd6 Bg4 45. Qf6+ Kg8 46. Kg3 Qg2+ 47. Kh4 Bxd7 48. Rxd7 Qe4+ 49. Kg5 Qf4+ 50. Qxf4 exf4 51.
Rd3 h2 52. Rh3 Ra8 53. Rxh2 Rxa2 54. Kxf4 Rb2 55. Kg5 Kg7 56. Rg2 Rxb4 57. f4 Rb1 58. Rc2 b4 59. Rc7 b3 60. f5 Rg1+ 61. Kh4 gxf5 62.
Rb7 Rb1 63. Rb5 b2 64. Kg3 Rg1+ 0-1